 Dungeon Crawl Stone Soup version 0.27-a0-1308-gc08437e49b (webtiles) character file.

Game seed: 11951739599766388855

6056 HoaS the Grappler (level 10, -6/83 HPs)
             Began as a Demigod Gladiator on June 18, 2021.
             Mangled by a boulder beetle (49 damage)
             ... on level 7 of the Dungeon.
             The game lasted 00:18:50 (10110 turns).

HoaS the Grappler (Demigod Gladiator)              Turns: 10110, Time: 00:18:51

Health: -6/83      AC: 18    Str: 23    XL:     10   Next: 32%
Magic:  13/13      EV: 14    Int: 10    God:
Gold:   328        SH:  0    Dex: 25    Spells: 9/9 levels left

rFire    . . .     SeeInvis .     - Unarmed
rCold    . . .     Faith    .   (no shield)
rNeg     + . .     Spirit   .   n - +1 scale mail {rN+}
rPois    .         Reflect  .   b - +1 helmet
rElec    .         Harm     .   y - +0 cloak
rCorr    .         Rampage  .   (no gloves)
Will     +....                  t - +1 pair of boots
Stlth    +.........             (no amulet)
HPRegen  0.23/turn              e - +6 ring of dexterity
MPRegen  0.13/turn              f - +4 ring of protection

@: no status effects
A: high mp 1, forlorn
a: no special abilities


You were on level 7 of the Dungeon.
You visited 1 branch of the dungeon, and saw 8 of its levels.
You also visited: Ossuary.

You collected 328 gold pieces.

Inventory:

Missiles
 c - 2 throwing nets (quivered)
 d - 10 boomerangs
 h - 5 silver javelins
 w - 16 poisoned darts
 A - 3 javelins
Armour
 b - a +1 helmet (worn)
 n - a +1 scale mail of positive energy (worn)
 t - a +1 pair of boots (worn)
 y - a +0 cloak (worn)
Jewellery
 e - a +6 ring of dexterity (left hand)
 f - a +4 ring of protection (right hand)
 H - a ring of protection from cold
Wands
 i - a wand of iceblast (3)
 z - a wand of charming (12)
 B - a wand of paralysis (6)
 F - a wand of polymorph (5)
 G - a wand of digging (5)
 I - a wand of flame (17)
Scrolls
 g - a scroll of blinking
 l - a scroll of magic mapping
 o - 3 scrolls of holy word
 s - 3 scrolls of teleportation
 C - a scroll of fog
Potions
 a - 2 potions of mutation
 j - 2 potions of attraction
 k - a potion of might
 m - a potion of resistance
 p - 5 potions of curing
 q - 7 potions of heal wounds
 r - a potion of invisibility {unknown}
 u - a potion of ambrosia {unknown}
 v - 3 potions of cancellation
 x - a potion of flight {unknown}
 D - a potion of haste
 E - a potion of brilliance {unknown}


   Skills:
 + Level 5.8 Fighting
 - Level 1.7 Throwing
 + Level 5.8 Armour
 + Level 5.8 Dodging
 * Level 11.2 Unarmed Combat


You had 9 spell levels left.
You didn't know any spells.
Your spell library contained the following spells:

 Spells                   Type           Power      Damage    Failure   Level
 Magic Dart               Conj           0%         1d3       65%         1
 Searing Ray              Conj           0%         3d3       80%         2
 Dazzling Flash           Conj/Hex       0%         N/A       95%         3
 Fulminant Prism          Conj/Hex       0%         3d6       100%        4
 Iskenderun's Mystic Bla  Conj/Tloc      0%         2d3       100%        4


Dungeon Overview and Level Annotations

Branches:
Dungeon (8/15)             Temple (0/1) D:5            Lair (0/6) D:8
Ossuary (visited)

Shops:
D:5 !   D:7 *

Annotations:
D:8 exclusion: 3 doors


Innate Abilities, Weirdness & Mutations

Your attributes grow dramatically as you level up.
You have an increased reservoir of magic. (+10% MP)
You shall have no god before yourself.


Message History

The boulder beetle barely misses you.
The boulder beetle stops rolling and uncurls.
You hit the boulder beetle.
The boulder beetle is heavily wounded.
The boulder beetle bites you.
You hit the boulder beetle.
The boulder beetle is severely wounded.
You hit the boulder beetle but do no damage.
The boulder beetle is severely wounded.
The boulder beetle bites you!
You hit the boulder beetle but do no damage.
The boulder beetle is severely wounded.
The boulder beetle waves its antennae.
The boulder beetle bites you.
You hit the boulder beetle but do no damage.
The boulder beetle is severely wounded.
The boulder beetle bites you!
You punch the boulder beetle!
The boulder beetle is severely wounded.
The boulder beetle bites you.
You hit the boulder beetle but do no damage.
You punch the boulder beetle, but do no damage.
The boulder beetle is severely wounded.
You hit the boulder beetle but do no damage.
You punch the boulder beetle.
The boulder beetle is almost dead.
The boulder beetle leaps!
You hit the boulder beetle but do no damage.
The boulder beetle is severely wounded.
The boulder beetle bites you but does no damage.
You hit the boulder beetle but do no damage.
You punch the boulder beetle, but do no damage.
The boulder beetle is severely wounded.
The boulder beetle leaps!
The boulder beetle leaps!
The boulder beetle leaps!
The boulder beetle curls into a ball and begins rolling!
The boulder beetle hits you!!!
Ouch! That really hurt!
You die...

#..#.## #.............# #..#.##
#.............# #.....#
#...........### #))##.#
#[.........## #..##.#
########......)..# #..##.#
##.....#........### #...#.#
##...........(...#
#...#.#####...............#######
..............°B@................
#.....#####...............#######
#..#### ##..<............# #.##
#............>...# #.#
#^#.............## #.#
##.##...........## #.#
##..######..###### ..# #..## #..#
..# ####.## ###..##


You could see a boulder beetle (rolling).

Vanquished Creatures
  Harold (D:8)
  2 cyclopes (D:8)
  A troll (D:8)
  Sigmund (D:6)
  A steam dragon (D:8)
  Grum (D:8)
  Menkaure (D:5)
  Duvessa (D:7)
  3 water moccasins
  2 orc warriors
  A necrophage (D:6)
  A sky beast (D:5)
  An ice beast (D:5)
  3 ogres
  3 wolves (D:8)
  4 centaurs
  4 bullfrogs
  4 scorpions
  Dowan (D:7)
  A water moccasin zombie (D:6)
  6 killer bees (D:7)
  4 wights (D:4)
  3 howler monkeys (D:7)
  6 centaur zombies
  3 hounds
  3 jellies
  4 orc priests
  A centaur skeleton (D:7)
  A bullfrog skeleton (D:5)
  8 orc wizards
  3 killer bee zombies
  A hound skeleton (D:4)
  6 mummies (Ossuary)
  A howler monkey zombie (D:8)
  4 gnolls (D:6)
  A howler monkey skeleton (D:6)
  3 adders
  3 white imps
  An ufetubus (D:5)
  4 dart slugs
  31 orcs
  3 bats
  4 endoplasms
  5 giant cockroaches
  2 hobgoblins (D:4)
  11 jackals
  7 ball pythons
  2 frilled lizards (D:2)
  2 hobgoblin zombies (Ossuary)
  4 kobolds
  7 rats
181 creatures vanquished.

Vanquished Creatures (others)
  An endoplasm (D:1)
  A ball python (D:1)
  4 plants (D:8)
6 creatures vanquished.

Grand Total: 187 creatures vanquished

Notes
Turn   | Place    | Note
-------+----------+-------------------------------------------
     0 | D:1      | HoaS the Demigod Gladiator began the quest for the Orb.
     0 | D:1      | Reached XP level 1. HP: 17/17 MP: 3/3
   150 | D:1      | Reached skill level 3 in Unarmed Combat
   311 | D:1      | Reached XP level 2. HP: 18/24 MP: 4/4
  1671 | D:2      | Reached XP level 3. HP: 28/29 MP: 5/5
  1895 | D:2      | Reached skill level 4 in Unarmed Combat
  2643 | D:3      | Reached XP level 4. HP: 27/36 MP: 6/6
  2847 | D:3      | Noticed an air elemental
  2848 | D:3      | Noticed an earth elemental
  2848 | D:3      | Noticed a fire elemental
  2848 | D:3      | Noticed a water elemental
  3518 | D:4      | Reached skill level 5 in Unarmed Combat
  3562 | D:4      | Reached XP level 5. HP: 14/41 MP: 7/7
  3930 | D:4      | Reached skill level 6 in Unarmed Combat
  4187 | D:4      | Reached XP level 6. HP: 36/48 MP: 8/8
  4404 | D:5      | Entered Level 5 of the Dungeon
  4512 | D:5      | Found a staircase to the Ecumenical Temple.
  4555 | D:5      | Found Faalum's Distillery.
  4603 | D:5      | Reached skill level 7 in Unarmed Combat
  4733 | D:5      | Reached XP level 7. HP: 17/53 MP: 9/9
  5020 | D:5      | Noticed Menkaure
  5048 | D:5      | Killed Menkaure
  5049 | D:5      | Reached skill level 8 in Unarmed Combat
  5760 | D:5      | Reached skill level 9 in Unarmed Combat
  6428 | D:6      | Noticed Sigmund
  6431 | D:6      | Identified the +4 mace of Wariness {freeze, rC+ Int+3}
  6445 | D:6      | Reached skill level 1 in Armour
  6451 | D:6      | Reached XP level 8. HP: 10/62 MP: 10/10
  6919 | D:6      | Killed Sigmund
  7458 | D:7      | Found Jeunaesa's Assorted Antiques.
  7501 | D:7      | Noticed Dowan
  7660 | D:7      | Noticed Duvessa
  7675 | D:7      | Killed Duvessa
  7676 | D:7      | Reached XP level 9. HP: 71/71 MP: 11/11
  7711 | D:7      | Killed Dowan
  7965 | D:7      | Reached skill level 10 in Unarmed Combat
  8685 | D:8      | Found a sand-covered staircase.
  8690 | Ossuary  | Entered an ossuary
  9104 | D:8      | Reached skill level 5 in Fighting
  9104 | D:8      | Reached skill level 5 in Dodging
  9106 | D:8      | Reached skill level 5 in Armour
  9331 | D:8      | Noticed a cyclops
  9353 | D:8      | Killed a cyclops
  9445 | D:8      | Noticed Harold
  9450 | D:8      | Noticed Grum
  9461 | D:8      | Noticed a cyclops
  9738 | D:8      | Reached XP level 10. HP: 76/81 MP: 13/13
  9856 | D:8      | Killed Harold
  9857 | D:8      | Reached skill level 11 in Unarmed Combat
  9910 | D:8      | Killed a cyclops
  9914 | D:8      | Killed Grum
 10014 | D:8      | Found a staircase to the Lair.
 10063 | D:8      | Noticed a boulder beetle
 10063 | D:8      | Noticed a cyclops
 10063 | D:8      | Noticed a deep elf pyromancer
 10110 | D:7      | Mangled by a boulder beetle

Illustrated notes

Levels and vault maps discovered:
D:1:      mrwooster_arrival_statue, layout_rooms,
          dilly_ecumenical_altar_fadedgnrine, lemuel_flame_loot_1
D:2:      layout_basic, basic_altar
D:3:      layout_basic, nicolae_qazlal_style_of_elements
D:4:      layout_basic, nicolae_ashenzari_panopticon
D:5:      layout_basic, minmay_temple_entry_tees, serial_shops,
          nicolae_shop_statue_plus, uniq_menkaure
D:6:      layout_basic, nicolae_wu_jian_wuxing_cycle, uniq_sigmund
D:7:      layout_rooms, serial_shops, nicolae_shop_overgrown_old_shop,
          uniq_duvessa
D:8:      layout_basic, lair_entry_dummy, enter_ossuary_2,
          kennysheep_cluttered_room, nrook_mini_vaults, minmay_shattered_shrine,
          uniq_harold, uniq_grum

Skill      XL: |  1  2  3  4  5  6  7  8  9 10 |
---------------+-------------------------------+-----
Unarmed Combat | 3 4 5 6 7 9 10 11 | 11.2
Fighting       | 2 4 5 |  5.8
Armour         | 1 4 5 |  5.8
Dodging        | 3 4 5 |  5.8
Throwing       | |  1.7

Action                   |  1- 3 |  4- 6 |  7- 9 | 10-12 || total
-------------------------+-------+-------+-------+-------++-------
Melee: Unarmed           |   178 |   137 |   417 |    55 ||   787
       Punch             |     6 |     3 |    32 |     8 ||    49
Throw: Throwing net      |       |       |     6 |       ||     6
       Javelin           |       |       |       |     1 ||     1
Evoke: Wand              |       |       |       |     3 ||     3
  Use: Scroll            |     3 |     4 |    14 |       ||    21
       Potion            |       |     1 |     1 |       ||     2
 Stab: Held in net/web   |       |       |     1 |       ||     1
Armor: Leather armour    |    34 |       |       |       ||    34
       Ring mail         |    23 |       |       |       ||    23
       Scale mail        |     3 |    53 |   217 |     7 ||   280
       Skin              |       |     2 |       |       ||     2
Dodge: Dodged            |   125 |    71 |   275 |    31 ||   502

Table legend: (Time is in decaauts)
 A = Elapsed time spent in this place.
 B = Non-inter-level travel time spent in this place.
 C = Inter-level travel time spent in this place.
 D = Time resting spent in this place.
 E = Time spent auto-exploring this place.
 F = Levels seen in this place.
 G = Mean time per level.
                   A        B        C        D        E       F      G
               +--------+--------+--------+--------+--------+-----+--------+
         Total |   9983 |   9731 |    252 |   3713 |   4498 |   9 | 1109.2 |
       Dungeon |   9844 |   9592 |    252 |   3713 |   4445 |   8 | 1230.5 |
       Ossuary |    138 |    138 |      0 |      0 |     53 |   1 |  138.0 |
               +--------+--------+--------+--------+--------+-----+--------+

Top non-repeatable levels by time:
     D:5: 1905 daAuts
     D:6: 1699 daAuts
     D:1: 1314 daAuts
     D:2: 1160 daAuts
     D:8: 1057 daAuts
     D:4: 1007 daAuts
     D:3: 899 daAuts
     D:7: 799 daAuts
 Ossuary: 138 daAuts
